 Dungeon Crawl Stone Soup version 0.22-a0-456-g11ed031 (webtiles) character file.

40 n0claF the Poker (level 3, -1/28 HPs)
             Began as a Demonspawn Gladiator on June 6, 2018.
             Slain by a jackal (3 damage)
             ... on level 2 of the Dungeon.
             The game lasted 00:02:08 (1102 turns).

n0claF the Poker (Demonspawn Gladiator)             Turns: 1102, Time: 00:02:09

Health: -1/28      AC:  4    Str: 15    XL:     3   Next: 30%
Magic:  3/3        EV: 13    Int:  9    God:
Gold:   119        SH:  0    Dex: 14    Spells: 2/2 levels left

rFire    . . .     SeeInvis .   a - +0 trident
rCold    . . .     Gourm    .   (no shield)
rNeg     . . .     Faith    .   b - +0 leather armour
rPois    .         Spirit   .   c - +0 helmet
rElec    .         Reflect  .   (no cloak)
rCorr    .         Harm     .   (no gloves)
MR       .....                  (no boots)
Stlth    ++........             (no amulet)
HPRegen  0.09/turn              (no ring)
MPRegen  0.08/turn              (no ring)

@: lethally poisoned (-1 -> -9)
A: nightstalker 1
a: no special abilities


You were on level 2 of the Dungeon.
You were hungry.

You visited 1 branch of the dungeon, and saw 2 of its levels.

You collected 119 gold pieces.

Inventory:

Hand Weapons
 a - a +0 trident (weapon)
Missiles
 d - 3 throwing nets (quivered)
Armour
 b - a +0 leather armour (worn)
 c - a +0 helmet (worn)
Scrolls
 g - a scroll of magic mapping {unknown}
 i - a scroll of remove curse {unknown}
 j - a scroll of identify {unknown}
Potions
 e - a potion of might {unknown}
 h - a potion of agility {unknown}
Comestibles
 f - 3 rations


   Skills:
 + Level 2.3 Fighting
 + Level 3.1 Polearms
 + Level 1.8 Throwing
 + Level 1.0 Armour
 + Level 3.0 Dodging
 + Level 0.2 Stealth


You had 2 spell levels left.
You didn't know any spells.
Your spell library was empty.

Dungeon Overview and Level Annotations

Branches:
Dungeon (2/15)

Altars:


Innate Abilities, Weirdness & Mutations

You are slightly more attuned to the shadows.


Message History

* * * LOW HITPOINT WARNING * * *
You feel sick. The jackal barely misses you. The jackal closely misses you.
The jackal bites you but does no damage.
The jackal bites you.
* * * LOW HITPOINT WARNING * * *
The jackal bites you.
* * * LOW HITPOINT WARNING * * *
You closely miss the jackal.
* * * LOW HITPOINT WARNING * * *
You feel sick. The jackal bites you.
* * * LOW HITPOINT WARNING * * *
The jackal completely misses you. The jackal closely misses you.
The jackal bites you.
* * * LOW HITPOINT WARNING * * *
You barely miss the jackal.
* * * LOW HITPOINT WARNING * * *
You feel sick. The jackal barely misses you.
The jackal bites you but does no damage.
The jackal barely misses you. The jackal bites you.
You die...

......#. ......
....# ###...
#....# #.w##
#.h.#.#####
##hh#.....#
#@h#####.# #..#
#.# #..# #.#
#..#####.#######
#..............#
#.######.#####.#
.. .............#
#.###.#.####.##.##
.. #.# #.†........


You could see a worm and 4 jackals.

Vanquished Creatures
  An adder (D:2)
  A ball python (D:1)
  4 goblins
  2 hobgoblins (D:1)
  11 jackals (D:1)
  2 bats
  2 frilled lizards (D:2)
  2 kobolds (D:1)
  3 rats (D:2)
28 creatures vanquished.

Notes
Turn   | Place    | Note
-------+----------+-------------------------------------------
     0 | D:1      | n0claF the Demonspawn Gladiator began the quest for the Orb.
     0 | D:1      | Reached XP level 1. HP: 16/16 MP: 1/1
   123 | D:1      | Gained mutation: You are slightly more attuned to the shadows. [demonic ancestry]
   123 | D:1      | Reached XP level 2. HP: 7/22 MP: 2/2
   138 | D:1      | HP: 1/22 [jackal (2)]
  1045 | D:2      | Reached XP level 3. HP: 27/27 MP: 3/3
  1098 | D:2      | Reached skill level 1 in Armour
  1102 | D:2      | Slain by a jackal

Vault maps used:
D:1:      giann_wishing_wells
D:2:      xom_teletrap_fun, kennysheep_generic_room_13

Skill      XL: |  1  2  3 |
---------------+----------+-----
Dodging        | 3 |  3.0
Polearms       | 3 |  3.1
Armour         | 1 |  1.0
Fighting       | |  2.3
Throwing       | |  1.8
Stealth        | |  0.2

Action                   || total
-------------------------++-------
Melee: Trident           ||    99
 Stab: Sleeping          ||     4
Armor: Leather armour    ||    34
Dodge: Dodged            ||    89

Table legend:
 A = Spawn XP
 B = Non-spawn XP
 C = Spawn XP percentage of total XP
 D = Spawn monster count
 E = Non-spawn monster count
 F = Spawn count percentage of total count
 G = Total turns spent on level
                    A         B        C        D         E        F      G
               +---------+---------+-------+---------+---------+-------+---------
         Total |       0 |      58 |   0.0 |       0 |      28 |   0.0 |  1102
               +---------+---------+-------+---------+---------+-------+---------
           D:1 |       0 |      37 |   0.0 |       0 |      20 |   0.0 |   958
           D:2 |       0 |      21 |   0.0 |       0 |       8 |   0.0 |   144
               +---------+---------+-------+---------+---------+-------+---------
